 Dungeon Crawl Stone Soup version 0.28-a0-1493-g08698888e4 (webtiles) character file.

Game seed: 1849361250294295501

74 knot the Chopper (level 4, 50/52 HPs)
             Began as a Demonspawn Berserker on Jan 13, 2022.
             Was a Follower of Trog.
             Quit the game on level 2 of the Dungeon.
             The game lasted 00:01:53 (2245 turns).

knot the Chopper (Demonspawn Berserker)             Turns: 2245, Time: 00:01:53

Health: 50/52      AC:  9    Str: 17    XL:     4   Next: 10%
Magic:  4/4        EV: 11    Int: 11    God:    Trog [*.....]
Gold:   77         SH:  4    Dex: 12    Spells: 3/3 levels left

rFire   . . .      SeeInvis .   a - +0 hand axe
rCold   . . .      Faith    .   (no shield)
rNeg    . . .      Spirit   .   m - +4 ring mail
rPois   .          Reflect  .   (helmet restricted)
rElec   .          Harm     .   (no cloak)
rCorr   .          Rampage  .   (no gloves)
Will    .....                   (no boots)
Stlth   ..........              (no amulet)
HPRegen 0.17/turn               (no ring)
MPRegen 0.09/turn               (no ring)

@: berserking (expiring), very quick
A: antennae 1, condensation shield
a: Renounce Religion, Berserk


You were on level 2 of the Dungeon.
You worshipped Trog.
Trog was aware of your devotion.
You visited 1 branch of the dungeon, and saw 2 of its levels.

You collected 77 gold pieces.

Inventory:

Hand Weapons
 a - a +0 hand axe (weapon)
Missiles
 c - 52 stones (quivered)
 n - 13 sling bullets
Armour
 b - a +0 animal skin
 m - a +4 ring mail (worn)
Jewellery
 o - a ring of protection from fire
Scrolls
 h - a scroll of identify {unknown}
 i - a scroll of torment {unknown}
 j - a scroll of brand weapon {unknown}
Potions
 d - a potion of heal wounds {unknown}
 e - a potion of haste {unknown}
 f - a potion of resistance {unknown}
 g - a potion of cancellation {unknown}
 k - a potion of degeneration {unknown}
 l - a potion of ambrosia {unknown}
 p - a potion of flight {unknown}
 q - a potion of lignification {unknown}


   Skills:
 - Level 3.0 Fighting
 + Level 4.5 Axes
 - Level 1.7 Armour
 - Level 1.7 Dodging


You had 3 spell levels left.
You didn't know any spells.
Your spell library was empty.

Dungeon Overview and Level Annotations

Branches:
Dungeon (2/15)

Altars:


Innate Abilities, Weirdness & Mutations

You have a pair of small antennae on your head.
A meltable shield of frost defends you. (SH +4)


Message History

Press: ? - help, v - describe, . - travel
Here: Ijyb, wielding a +0 dagger, wearing a +3 leather armour of fire resistance and carrying a wand of iceblast (3)
The floor.
Unknown command.
Unknown command.
You fail to use your ability.
The goblin shoots a stone.
The stone misses you. The goblin hits you but does no damage.
The bat barely misses you.
You hit the goblin.
You kill the goblin!
Trog accepts your kill.
You hit the bat. The bat barely misses you.
The goblin shoots a stone.
The stone closely misses you.
A goblin comes into view. It is wielding a +0 club.
A red film seems to cover your vision as you go berserk!
You feel yourself moving faster!
You feel mighty!
The goblin shoots a stone.
The stone hits you but does no damage. The bat hits you but does no damage.
You slash the bat!
You kill the bat!
Trog accepts your kill.
The goblin shoots a stone.
The stone barely misses you.
Items here: ))) ††.
You slash Ijyb!
Ijyb is heavily wounded.
You closely miss Ijyb.
Ijyb is heavily wounded.
You hit Ijyb.
Ijyb is heavily wounded.
You slash Ijyb!
Ijyb is almost dead.
You closely miss the goblin. Ijyb barely misses you.
The goblin unwields a +0 hunting sling.
The goblin wields a +0 dagger.
The goblin hits you with a +0 dagger.
You slash Ijyb!
You kill Ijyb!
Trog accepts your kill.
You barely miss the goblin.
You have reached level 4!
You feel clever.
Your demonic ancestry asserts itself...
Frost condenses into a shield before you.
Are you sure you want to abandon this character and quit the game? (Confirm with "yes".)

#.......# #....
#..#..#.#########....
#..>........†........
##.###.#.#####.###....
#... #.#............##
#...##.#####.#.#......
#.....................
#.....#########.......
####.@8.8.8.8 #.##....
#)gg...... #.##.#..
#......... #.##...#
#.........{#.....##
#......... ####...#
#......... #..#..
#..8.8.8.8 #....#
########## ###.##
#...#


You could see 2 goblins.

Vanquished Creatures
  Ijyb (D:2)
  An adder (D:2)
  A worm (D:2)
  A dart slug (D:2)
  6 endoplasms
  6 goblins
  3 quokkas
  5 ball pythons
  3 bats
  2 kobolds
  5 rats
34 creatures vanquished.

Notes
Turn   | Place    | Note
-------+----------+-------------------------------------------
     0 | D:1      | knot the Demonspawn Berserker began the quest for the Orb.
     0 | D:1      | Reached XP level 1. HP: 18/18 MP: 1/1
   308 | D:1      | Reached skill level 3 in Axes
   859 | D:1      | Found a faded altar of an unknown god.
   863 | D:1      | Gained mutation: You have a pair of small antennae on your
                  | head. [demonic ancestry]
   863 | D:1      | Reached XP level 2. HP: 20/24 MP: 2/2
  1647 | D:2      | Reached skill level 4 in Axes
  1647 | D:2      | Reached XP level 3. HP: 16/29 MP: 3/3
  2226 | D:2      | Noticed Ijyb
  2244 | D:2      | Killed Ijyb
  2245 | D:2      | Gained mutation: A meltable shield of frost defends you.
                  | (SH +4) [demonic ancestry]
  2245 | D:2      | Reached XP level 4. HP: 35/35 MP: 4/4
  2245 | D:2      | Quit the game

Illustrated notes

Levels and vault maps discovered:
D:1:      zaba_arrival_water, layout_basic,
          hellmonk_ecumenical_altar_leap_of_faith
D:2:      kennysheep_the_goblin_king, layout_basic,
          minmay_misc_feat_four_crosses

Skill      XL: |  1  2 |
---------------+-------+-----
Axes           | 3 4 |  4.5
Fighting       | |  3.0
Armour         | |  1.7
Dodging        | |  1.7

Action                   |  1- 3 |  4- 6 || total
-------------------------+-------+-------++-------
Melee: Hand axe          |   115 |       ||   115
Invok: Berserk           |     2 |       ||     2
 Stab: Sleeping          |     1 |       ||     1
Armor: Animal skin       |    11 |       ||    11
       Ring mail         |    41 |       ||    41
Dodge: Dodged            |    79 |       ||    79

Table legend: (Time is in decaauts)
 A = Elapsed time spent in this place.
 B = Non-inter-level travel time spent in this place.
 C = Inter-level travel time spent in this place.
 D = Time resting spent in this place.
 E = Time spent auto-exploring this place.
 F = Levels seen in this place.
 G = Mean time per level.
                   A        B        C        D        E       F      G
               +--------+--------+--------+--------+--------+-----+--------+
         Total |   2272 |   2198 |     74 |    347 |   1564 |   2 | 1136.0 |
       Dungeon |   2272 |   2198 |     74 |    347 |   1564 |   2 | 1136.0 |
               +--------+--------+--------+--------+--------+-----+--------+

Top non-repeatable levels by time:
     D:1: 1382 daAuts
     D:2: 889 daAuts
